 Dungeon Crawl Stone Soup version 0.21-a0-283-g622b906 (webtiles) character file.

869 nikopol the Chopper (level 7, 0/62 HPs)
             Began as a Minotaur Fighter on Sept 24, 2017.
             Was a Believer of Okawaru.
             Slain by a bullfrog (6 damage)
             ... on level 6 of the Dungeon.
             The game lasted 00:08:28 (4954 turns).

nikopol the Chopper (Minotaur Fighter)              Turns: 4954, Time: 00:08:29

Health: 0/62       AC:  8    Str: 22    XL:     7   Next: 73%
Magic:  6/6        EV:  8    Int:  5    God:    Okawaru [**....]
Gold:   144        SH: 10    Dex: 10    Spells: 6/6 levels left

rFire    . . .     SeeInvis .   u - +2 hand axe (chop)
rCold    . . .     Gourm    .   c - +0 shield
rNeg     . . .     Faith    .   b - +0 scale mail
rPois    .         Spirit   .   (helmet restricted)
rElec    .         Reflect  .   y - +0 cloak
rCorr    .         Harm     .   (no gloves)
MR       .....                  (no boots)
Stlth    ..........             (no amulet)
HPRegen  0.20/turn              (no ring)
MPRegen  0.10/turn              (no ring)

@: no status effects
A: retaliatory headbutt, horns 2
a: Heroism, Renounce Religion


You were on level 6 of the Dungeon.
You worshipped Okawaru.
Okawaru was pleased with you.
You were hungry.

You visited 1 branch of the dungeon, and saw 6 of its levels.

You collected 144 gold pieces.

Inventory:

Hand Weapons
 a - a +0 war axe
 u - a +2 hand axe of chopping (weapon)
Missiles
 t - 6 poisoned javelins (quivered)
Armour
 b - a +0 scale mail (worn)
 c - a +0 shield (worn)
 y - a +0 cloak (worn)
Jewellery
 s - an uncursed amulet of regeneration {unknown}
 D - an uncursed ring of ice {unknown}
Scrolls
 i - 5 scrolls of identify {unknown}
 l - 4 scrolls of enchant weapon {unknown}
 m - a scroll of recharging {unknown}
 n - a scroll of blinking {unknown}
 o - a scroll of immolation {unknown}
 p - a scroll of amnesia {unknown}
 q - 3 scrolls of teleportation {unknown}
 r - a scroll of enchant armour {unknown}
 v - a scroll of fog {unknown}
 x - a scroll of remove curse {unknown}
Potions
 d - a potion of might
 e - 2 potions of mutation {unknown}
 h - a potion of flight {unknown}
 j - a potion of brilliance {unknown}
 k - 8 potions of curing {unknown}
 w - 2 potions of degeneration {unknown}
 z - a potion of haste {unknown}
 A - a potion of invisibility {unknown}
 B - a potion of heal wounds {unknown}
Comestibles
 f - 4 bread rations
 g - 3 meat rations
 C - a fruit
 E - 9 chunks of flesh


   Skills:
 + Level 5.7 Fighting
 + Level 7.0 Axes
 + Level 6.3 Armour
 + Level 1.4 Dodging
 + Level 0.5 Stealth
 + Level 5.3 Shields


You had 6 spell levels left.
You didn't know any spells.

Dungeon Overview and Level Annotations

Branches:
Dungeon (6/15)
 Temple: D:4-7

Altars:
Ashenzari
Elyvilon
Kikubaaqudgha
Makhleb
Nemelex Xobeh
Okawaru
Ru
Vehumet


Innate Abilities, Weirdness & Mutations

You reflexively headbutt those who attack you in melee.
You have a pair of horns on your head.


Message History

The centaur barely misses you. The bullfrog barely misses you.
Your shield and scale mail prevent you from hitting the centaur.
The centaur is moderately wounded.
You closely miss the bullfrog.
The centaur hits you but does no damage.
The bullfrog hits you!
* * * LOW HITPOINT WARNING * * *
You block the centaur's attack. You block the bullfrog's attack.
You hit the centaur.
The centaur is moderately wounded.
You barely miss the bullfrog. The centaur hits you.
* * * LOW HITPOINT WARNING * * *
The bullfrog hits you.
* * * LOW HITPOINT WARNING * * *
You closely miss the centaur.
The centaur is moderately wounded.
You miss the bullfrog. You block the centaur's attack. The bullfrog hits you.
* * * LOW HITPOINT WARNING * * *
The centaur barely misses you. The bullfrog hits you.
You die...

# .. .. ... .#..⌠. .#..
. #########... . .#.
..........# ... ...
#...)..#..⌠.
#..##########..F@)......
#.........#(((((.c.#....
#..................# #
#......................
#..[...............####
...................#
#...........(......#
#)[................#
.<#####............#


You could see a bullfrog and a centaur.

Vanquished Creatures
  An ice beast (D:5)
  2 sky beasts (D:5)
  2 centaurs
  3 scorpions
  2 hounds
  An orc priest (D:5)
  Crazy Yiuf (D:5)
  2 worker ants
  2 hound skeletons
  3 adders
  An adder skeleton (D:5)
  2 worms
  2 dart slugs
  2 leopard geckos (D:3)
  6 orcs
  A ball python (D:1)
  4 bats
  4 giant cockroaches
  6 goblins
  6 hobgoblins
  3 quokkas
  3 frilled lizards
  2 kobolds
  8 rats
69 creatures vanquished.

Notes
Turn   | Place    | Note
-------+----------+-------------------------------------------
     0 | D:1      | nikopol the Minotaur Fighter began the quest for the Orb.
     0 | D:1      | Reached XP level 1. HP: 19/19 MP: 0/0
   197 | D:1      | Reached XP level 2. HP: 27/27 MP: 1/1
   951 | D:2      | Found a sparkling altar of Nemelex Xobeh.
  1090 | D:2      | Reached XP level 3. HP: 33/33 MP: 2/2
  1155 | D:2      | Reached skill level 3 in Axes
  1948 | D:2      | Found a radiant altar of Vehumet.
  2201 | D:3      | Found a sacrificial altar of Ru.
  2202 | D:3      | Found an ancient bone altar of Kikubaaqudgha.
  2203 | D:3      | Found a white marble altar of Elyvilon.
  2204 | D:3      | Found a shattered altar of Ashenzari.
  2205 | D:3      | Found a burning altar of Makhleb.
  2455 | D:3      | Found an iron altar of Okawaru.
  2471 | D:3      | Became a worshipper of Warmaster Okawaru
  2576 | D:3      | Reached XP level 4. HP: 40/40 MP: 3/3
  3227 | D:4      | Reached skill level 4 in Axes
  3232 | D:4      | Reached XP level 5. HP: 46/47 MP: 4/4
  3576 | D:5      | Entered Level 5 of the Dungeon
  3584 | D:5      | Reached skill level 5 in Axes
  3625 | D:5      | Noticed a centaur
  3629 | D:5      | Killed a centaur
  3629 | D:5      | Reached * piety under Okawaru
  3629 | D:5      | Reached skill level 5 in Fighting
  3629 | D:5      | Reached XP level 6. HP: 47/56 MP: 5/5
  3682 | D:5      | Noticed a sky beast
  3701 | D:5      | Killed a sky beast
  3701 | D:5      | Reached skill level 5 in Armour
  3895 | D:5      | Reached skill level 6 in Axes
  3964 | D:5      | Found a sparkling altar of Nemelex Xobeh.
  4097 | D:5      | Noticed an ice beast
  4111 | D:5      | Killed an ice beast
  4111 | D:5      | Reached skill level 1 in Dodging
  4111 | D:5      | Reached XP level 7. HP: 15/61 MP: 6/6
  4414 | D:5      | Found a runed door.
  4418 | D:5      | Noticed Crazy Yiuf
  4423 | D:5      | Killed Crazy Yiuf
  4423 | D:5      | Reached skill level 5 in Shields
  4951 | D:6      | Reached ** piety under Okawaru
  4951 | D:6      | Reached skill level 7 in Axes
  4954 | D:6      | Slain by a bullfrog

Vault maps used:
D:1:      minmay_arrival_four_circles
D:2:      fiery_altar_vehumet, nemelex_xobeh_ov_fountains_minmay
D:3:      lemuel_round_altar, minitemple
D:4:      first_bread
D:5:      kennysheep_mini_moat, hangedman_abyss_or_decor_jellyfish_corner,
          uniq_crazy_yiuf_cottage
D:6:      eat_drink_and_be_merry_uskayaw, minmay_temple_entry_large_hall,
          uniq_eustachio, uniq_menkaure, uniq_grinder

Skill      XL: |  1  2  3  4  5  6  7 |
---------------+----------------------+-----
Shields        | 4 5 |  5.3
Fighting       | 4 5 |  5.7
Axes           | 3 4 5 6 7 |  7.0
Armour         | 4 5 6 |  6.3
Dodging        | 1 |  1.4
Stealth        | |  0.5

Action                   |  1- 3 |  4- 6 |  7- 9 || total
-------------------------+-------+-------+-------++-------
Melee: War axe           |    81 |    13 |       ||    94
       Headbutt          |    15 |    14 |     3 ||    32
       Hand axe          |       |    72 |    41 ||   113
  Eat: Chunk             |     5 |     1 |     1 ||     7
       Bread ration      |       |     1 |       ||     1
       Fruit             |       |       |     1 ||     1
Armor: Scale mail        |    37 |    25 |    15 ||    77
Dodge: Dodged            |    25 |    21 |    20 ||    66
Block: Shield            |    41 |    25 |    27 ||    93

Table legend:
 A = Spawn XP
 B = Non-spawn XP
 C = Spawn XP percentage of total XP
 D = Spawn monster count
 E = Non-spawn monster count
 F = Spawn count percentage of total count
 G = Total turns spent on level
                    A         B        C        D         E        F      G
               +---------+---------+-------+---------+---------+-------+---------
         Total |       0 |    1242 |   0.0 |       0 |      69 |   0.0 |  4954
               +---------+---------+-------+---------+---------+-------+---------
           D:1 |       0 |      15 |   0.0 |       0 |       9 |   0.0 |   779
           D:2 |       0 |      43 |   0.0 |       0 |      17 |   0.0 |  1259
           D:3 |       0 |      90 |   0.0 |       0 |      16 |   0.0 |   830
           D:4 |       0 |     131 |   0.0 |       0 |       5 |   0.0 |   708
           D:5 |       0 |     829 |   0.0 |       0 |      15 |   0.0 |  1330
           D:6 |       0 |     134 |   0.0 |       0 |       7 |   0.0 |    48
               +---------+---------+-------+---------+---------+-------+---------
